Cogmind - Beta 16 @@@ ROGUE MODE // 2025.11.07 @ 19:59:36 Player: C0-2MO Result: Destroyed by S-27 Virus with Autogun Performance ------------- Evolutions (6) 3000 Regions Visited (24) 4800 Robots Destroyed (173) 865 Value Destroyed (5984) 5984 Prototype IDs (32) 640 Alien Tech Used (0) 0 Bonus (5544) 5544 TOTAL SCORE: 20833 Bonus ------- High Alert Combat Kills 321 Follower Combat Kills 2223 Forged Quantum Companion 1000 Network Hubs Disabled 400 Registered with UFD 300 Met Optimus in HQ 500 Met Imprinter 300 Met R17 at Cetus 500 Cogmind --------- Core Integrity 0/1150 Matter 250/300 Energy 15/100 System Corruption 4% Temperature Cool (0) Movement Treading (145) Location -4/Armory Parts ------- > --- POWER (2) -------- (None) > --- PROPULSION (7) --- Advanced Medium Treads Field Propulsion Array > --- UTILITY (8) ------ Enhanced Optical Array Utility Shielding Layered Light Armor Plating Layered Light Armor Plating Advanced System Shield > --- WEAPON (2) ------- Quantum Companion > --- INVENTORY (5) ---- Authchip [Propulsion] Authchip [Device] Authchip [Processor] A0-MCA's Component Scanner Mini Grenade Launcher Peak State ------------ > --- POWER ------------ Compact Particle Reactor > --- PROPULSION ------- Improved Hover Unit Gravmag System Antigrav Array VTOL Module VTOL Module > --- UTILITY ---------- Advanced Gravity Neutralizer Improved Signal Interpreter Advanced Melee Analysis Suite Nanoactuators Medium Regenerative Plating Improved Hacking Suite Improved Hacking Suite Advanced Hacking Suite > --- WEAPON ----------- Advanced KE Penetrator Quantum Companion > --- INVENTORY -------- Light Antimatter Reactor A0-MCA's Component Scanner Mini Grenade Launcher [Rating: 103] Favorites ----------- Power Compact Particle Reactor Engine Light Angular Momentum Engine Power Core Light Nuclear Core Reactor Compact Particle Reactor Propulsion Improved VTOL Module Treads Biometal Heavy Treads Leg Carbon-fiber Leg Wheel Wheel Hover Unit Gravmag System Flight Unit Improved VTOL Module Utility Hacking Suite Device Nanoactuators Storage Medium Storage Unit Processor Advanced Melee Analysis Suite Hackware Hacking Suite Protection Medium Regenerative Plating Weapon Companion Sword Energy Gun EM Pulse Gun Ballistic Gun Light Assault Rifle Launcher Mini Grenade Launcher Special Weapon Mining Laser Impact Weapon Great Maul Slashing Weapon Companion Sword Build | -11 -10 -10 -9 -9 -8 -8 -8 -8 -6 -6 -6 -6 -6 -6 -5 -5 -5 -5 -5 -5 -5 -5 -4 -4 ------- Run | Yrd Mat Min Mat Min Mat Sto Rec Scr Fac Was Fac Low Low Zio Pro Fac Was Fac Ext Cet Arc Hub Fac Arm Slots Evolved 12 | . . . 2 . 2 . . . 4 . . . . . . 2 . . . . . . 2 . Power 1 | . . . . . . . . . . . . . . . . . . . . . . . 1 . Propulsion 5 | . . . 1 . 1 . . . 2 . . . . . . . . . . . . . 1 . Utility 6 | . . . 1 . 1 . . . 2 . . . . . . 2 . . . . . . . . Weapon . | . . . . . . . . . . . . . . . . . . . . . . . . . Parts Attached 172 | 2 10 1 12 2 4 10 . 2 9 . 12 1 6 1 1 26 . 3 23 3 6 9 11 18 Power 22 | . . . . 1 . 3 . . 4 . 4 1 1 1 . 1 . 1 5 . . . . . Engine 8 | . . . . 1 . . . . 1 . 2 1 . 1 . . . . 2 . . . . . Core 12 | . . . . . . 3 . . 3 . 2 . 1 . . 1 . 1 1 . . . . . Reactor 2 | . . . . . . . . . . . . . . . . . . . 2 . . . . . Propulsion 73 | . 5 . 5 1 . 5 . . 3 . 3 . 4 . . 16 . . 9 . 3 6 4 9 Treads 2 | . . . . . . . . . . . . . . . . . . . . . . . . 2 Leg 7 | . . . . . . . . . . . . . . . . . . . 7 . . . . . Wheel 1 | . . . . . . . . . . . . . . . . . . . . . . . . 1 Hover 10 | . . . . . . . . . . . . . . . . . . . 2 . 3 1 . 4 Flight 53 | . 5 . 5 1 . 5 . . 3 . 3 . 4 . . 16 . . . . . 5 4 2 Utility 62 | 1 1 1 2 . 4 1 . 1 2 . 5 . 1 . 1 9 . 2 8 2 3 3 7 8 Device 17 | 1 . 1 . . 1 . . . . . 2 . . . . 3 . . 3 . 2 . 4 . Storage 8 | . . . . . 1 1 . . . . 1 . . . . 1 . 1 2 . . 1 . . Processor 11 | . . . . . . . . . 1 . 1 . 1 . 1 2 . . . . . . 3 2 Hackware 13 | . . . 1 . 1 . . 1 . . . . . . . 3 . 1 . . 1 2 . 3 Protection 13 | . 1 . 1 . 1 . . . 1 . 1 . . . . . . . 3 2 . . . 3 Artifact . | . . . . . . . . . . . . . . . . . . . . . . . . . Weapon 15 | 1 4 . 5 . . 1 . 1 . . . . . . . . . . 1 1 . . . 1 Energy Gun 1 | 1 . . . . . . . . . . . . . . . . . . . . . . . . Energy Cannon . | . . . . . . . . . . . . . . . . . . . . . . . . . Ballistic Gun 5 | . 2 . 2 . . . . . . . . . . . . . . . . 1 . . . . Ballistic Cannon . | . . . . . . . . . . . . . . . . . . . . . . . . . Launcher 4 | . 1 . 1 . . 1 . . . . . . . . . . . . . . . . . 1 Special Weapon 2 | . 1 . . . . . . . . . . . . . . . . . 1 . . . . . Impact Weapon 2 | . . . 2 . . . . . . . . . . . . . . . . . . . . . Slashing Weapon 1 | . . . . . . . . 1 . . . . . . . . . . . . . . . . Piercing Weapon . | . . . . . . . . . . . . . . . . . . . . . . . . . Special Melee Weapon . | . . . . . . . . . . . . . . . . . . . . . . . . . Unidentified Prototypes 14 | . . 1 1 . . 2 . 1 . . 2 . . . . . . . 4 2 . . 1 . Corrupted Parts 2 | . . . . 1 . 1 . . . . . . . . . . . . . . . . . . System Corruption 18 | . . . . 3 . 15 . . . . . . . . . . . . . . . . . . Parts Lost 85 | . 3 1 5 2 . 4 . . 4 . 6 1 7 . . 13 . 4 8 . 1 2 15 9 Power 12 | . . . . . . 2 . . 2 . 3 . 2 . . 1 . 1 . . . . 1 . Propulsion 51 | . 3 . 4 1 . 2 . . 1 . 2 1 4 . . 9 . 3 6 . 1 . 9 5 Utility 22 | . . 1 1 1 . . . . 1 . 1 . 1 . . 3 . . 2 . . 2 5 4 Weapon . | . . . . . . . . . . . . . . . . . . . . . . . . . Highest Loss Streak 11 | . 1 1 2 3 . 2 . . 2 . 2 1 7 . . 7 . 4 4 . 1 2 11 8 To Critical Strikes 2 | . . . . . . . . . . . . . . . . 1 . . 1 . . . . . Average Backups 7 | . 2 4 4 4 5 7 10 9 8 9 9 10 9 9 10 8 10 9 5 9 8 7 5 4 Power . | . . . . . . . . . 1 1 . 1 . . . . 1 . . 1 1 1 . . Propulsion . | . . . . . . 1 4 3 1 1 . . . . . 1 3 3 . . . . . . Utility 3 | . . 1 1 1 2 3 4 3 3 4 6 6 6 6 7 3 4 4 3 6 5 4 3 3 Weapon 1 | . 1 2 3 2 2 2 1 1 1 1 1 1 1 1 1 1 1 1 1 1 2 1 1 . Tool/Special . | . . . . . . . . . . . . . . . . . . . . . . . . . Unused Backups 19 | . . . 2 . . . . 2 . 1 5 1 . . . 2 . 1 1 . . . . 4 Power 2 | . . . . . . . . . . . 1 . . . . . . 1 . . . . . . Propulsion 3 | . . . . . . . . 1 . 1 1 . . . . . . . . . . . . . Utility 10 | . . . . . . . . . . . 3 1 . . . 1 . . 1 . . . . 4 Weapon 2 | . . . 2 . . . . . . . . . . . . . . . . . . . . . Tool/Special 2 | . . . . . . . . 1 . . . . . . . 1 . . . . . . . . Average Slot Usage (%) 78 | . 64 85 73 44 78 85 81 87 89 93 90 76 69 72 75 82 88 85 83 69 76 83 71 59 Engine 1 | . . . . 1 9 1 . . . . 1 . . 5 6 1 . . 3 . . . . . Core 2 | . . . . . . 4 9 9 5 6 4 5 4 . . 3 5 4 . . . . . . Reactor 1 | . . . . . . . . . . . . . . . . . . . . 5 5 5 4 3 Leg 2 | . . . . . . . . . . . . . . . . . . . 22 . . . . . Hover 3 | . . . . . . . . . . . . . . . . . . . . 11 18 20 . 6 Flight 20 | . 15 28 30 15 27 33 36 36 39 40 38 28 23 26 26 28 29 27 2 . . 4 22 3 Device 6 | . 14 14 . . 4 5 . . . . 2 . . . . 6 11 11 8 1 11 8 8 12 Storage 4 | . . . . . 8 9 9 9 6 6 6 6 6 6 6 3 5 5 . 5 5 3 4 . Processor 8 | . . . . . . . . . 5 6 8 13 14 13 15 17 17 17 17 12 11 11 10 14 Hackware 10 | . . . 10 11 17 18 18 24 16 13 13 13 13 13 13 12 11 11 11 11 4 12 9 3 Protection 5 | . 8 14 10 5 3 3 . . 7 13 7 2 . . . . . . 5 13 10 5 4 4 Ballistic Gun 2 | . 21 28 14 . . . . . . . . . . . . . . . . . . . . . Impact Weapon 1 | . . . 5 11 9 8 9 6 . . . . . . . . . . . . . . . . Slashing Weapon 3 | . . . . . . . . 2 6 6 6 6 6 6 6 5 5 5 5 5 5 5 5 5 Peak Build Rating 103 | 2 6 14 15 11 18 34 32 39 54 52 63 56 57 39 42 80 73 77 90 99 93 103 83 99 Average Rating 52 | 1 4 6 13 9 16 27 32 35 51 52 56 53 46 38 40 60 73 73 70 93 85 87 74 71 On Entrance 43 | . 2 6 6 11 11 17 32 32 39 52 52 56 53 35 39 42 73 73 77 88 89 86 83 45 Avg Prop Armor Cover (%) 4 | . . . 5 . . 8 . . 2 1 1 . 6 6 . 4 . 4 . . 13 3 . 20 Naked Turns . | . . . . . . . . . . . . . . . . . . . . . . . . . Heaviest Build 48 | 3 4 4 12 9 14 19 19 19 29 24 28 22 21 18 18 21 21 31 35 48 45 43 34 18 Greatest Support 105 | 3 8 8 15 15 15 20 20 20 30 25 31 26 21 20 20 43 39 41 105 52 61 60 40 91 Greatest Overweight (x) 14 | . . . . . . . . . . . 1 . 2 . . 1 . 1 4 . 14 . 6 . Average Overweight (x) . | . . . . . . . . . . . . . . . . . . . . . 1 . . . Largest Inventory Capacity 15 | 5 5 5 5 5 8 10 10 10 10 10 10 10 10 10 10 10 10 15 15 10 10 10 10 5 Average Capacity 8 | 5 5 5 5 5 7 8 10 10 10 10 10 10 10 10 10 8 10 13 5 10 10 9 9 5 Most Carried 10 | . 3 5 5 5 6 10 10 10 10 10 10 10 10 10 10 10 10 10 8 10 9 9 10 5 Average Carried 7 | . 2 4 4 4 5 7 10 9 8 9 9 10 9 9 10 8 10 9 5 9 8 7 5 4 Final Capacity 15 | 5 5 5 5 5 8 10 10 10 10 10 10 10 10 10 10 10 10 15 10 10 10 10 5 5 Final Carried 10 | . 2 5 5 4 6 10 10 10 10 10 10 10 9 10 10 10 10 6 8 9 9 4 5 5 Class Distribution -------------------- 29% | Hacker-Sprinter 22% | Scavenger-Mutant 14% | Mutant 9% | Scavenger-Sprinter 8% | Commander-Mutant 6% | Hacker-Scout 4% | Scavenger-Scout Dominant Class ---------------- Mutant | -10/Materials Mutant | -10/Mines Scavenger-Mutant | -9/Materials Mutant | -9/Mines Scavenger-Mutant | -8/Materials Hacker-Sprinter | -8/Storage Hacker-Sprinter | -8/Recycling Hacker-Sprinter | -8/Scraptown Hacker-Sprinter | -6/Factory Hacker-Sprinter | -6/Waste Hacker-Sprinter | -6/Factory Hacker-Sprinter | -6/Lower Caves Scavenger-Sprinter | -6/Lower Caves Scavenger-Sprinter | -6/Zion Scavenger-Sprinter | -5/Proximity Caves Hacker-Scout | -5/Factory Hacker-Scout | -5/Waste Hacker-Scout | -5/Factory Scavenger-Mutant | -5/Extension Scavenger-Mutant | -5/Cetus Scavenger-Mutant | -5/Archives Scavenger-Scout | -5/Hub_04(d) Scavenger-Sprinter | -4/Factory Commander-Mutant | -4/Armory Resources | -11 -10 -10 -9 -9 -8 -8 -8 -8 -6 -6 -6 -6 -6 -6 -5 -5 -5 -5 -5 -5 -5 -5 -4 -4 ----------- Run | Yrd Mat Min Mat Min Mat Sto Rec Scr Fac Was Fac Low Low Zio Pro Fac Was Fac Ext Cet Arc Hub Fac Arm Matter Collected 2658 | 220 202 22 219 40 38 136 8 35 120 . 193 34 58 16 10 214 . 146 325 53 109 130 165 165 Remotely . | . . . . . . . . . . . . . . . . . . . . . . . . . Salvage Created 8085 | 117 527 . 515 212 38 163 . . 437 . 1215 52 72 . 14 733 . 199 646 71 694 433 666 1281 Parts 375 | 7 41 . 24 8 2 2 . . 21 . 56 3 6 . 1 34 . 7 25 2 38 17 27 54 Haulers Intercepted 13 | . 2 . 4 . 1 3 . . . . 2 . . . . 1 . . . . . . . . Recyclers Shooed 5 | . 2 . 3 . . . . . . . . . . . . . . . . . . . . . Parts Field Recycled . | . . . . . . . . . . . . . . . . . . . . . . . . . Retrieved Matter . | . . . . . . . . . . . . . . . . . . . . . . . . . Parts Self-Destructed 6 | . . . . . . . . . . . . 4 2 . . . . . . . . . . . Prevented 2 | . . . . . . . . . . . . 2 . . . . . . . . . . . . Parts Restored . | . . . . . . . . . . . . . . . . . . . . . . . . . Kills | -11 -10 -10 -9 -9 -8 -8 -8 -8 -6 -6 -6 -6 -6 -6 -5 -5 -5 -5 -5 -5 -5 -5 -4 -4 ------- Run | Yrd Mat Min Mat Min Mat Sto Rec Scr Fac Was Fac Low Low Zio Pro Fac Was Fac Ext Cet Arc Hub Fac Arm Combat Hostiles Destroyed 118 | . 15 . 7 3 . . . . 10 . 16 1 3 . 2 13 . 1 7 1 4 9 8 18 Melee 82 | . . . . 2 . . . . 10 . 16 1 3 . 2 12 . 1 5 1 4 6 7 12 Guns 19 | . 13 . 6 . . . . . . . . . . . . . . . . . . . . . Cannons 8 | . . . . . . . . . . . . . . . . . . . . . . 3 1 4 AOE 3 | . 2 . 1 . . . . . . . . . . . . . . . . . . . . . Classes Destroyed 15 | 2 4 . 3 . . . . . 2 . 1 . . . 1 . . . . . . . . 2 Worker 1 | . . . 1 . . . . . . . . . . . . . . . . . . . . . Builder 3 | . . . 1 . . . . . . . . . . . . . . . . . . . 2 . Tunneler 1 | 1 . . . . . . . . . . . . . . . . . . . . . . . . Hauler 13 | . 2 . 4 . 1 3 . . . . 2 . . . . 1 . . . . . . . . Recycler 13 | 1 1 . 3 2 . . . . . . . . . . . 1 . 1 1 . . 1 2 . Mechanic 1 | . . . . . . . . . . . . . . . . . . . . . . . . 1 Operator 14 | . . . 1 . . . . . . . 1 . . . . . . . 1 . 9 . 1 1 Drone 2 | . . . . . . . . . . . . . . . 2 . . . . . . . . . Watcher 9 | . 1 . . . . 1 . . . . 2 . . . . 1 . . 1 . . 1 1 1 Swarmer 52 | . 9 . 7 3 . . . . 5 . . . 3 . . 9 . . . . . 8 6 2 Grunt 33 | . 6 . . . . . . . 2 . 11 1 . . . 2 . . 3 . . . . 8 Duelist 2 | . . . . . . . . . . . . . . . . . . . . . . . . 2 Sentry 15 | . . . . . . . . . 2 . . . . . . 1 . 1 4 . 4 1 1 1 Hunter 6 | . . . . . . . . . . . 3 . . . . 1 . . . . . . . 2 Programmer 7 | . . . . . . . . . 1 . 2 . . . . . . . . . . . 1 3 Cetus Guard 1 | . . . . . . . . . . . . . . . . . . . . 1 . . . . Best Kill Streak 11 | 2 8 . 6 5 1 1 . . 4 . 3 1 3 . 2 5 . 1 2 1 4 11 5 7 Combat Bots Only 9 | . 6 . 4 3 . . . . 4 . 3 1 3 . 2 5 . 1 2 1 1 9 3 7 Max Kills in Single Turn 2 | 1 2 . 2 1 1 1 . . 1 . 2 1 1 . 1 1 . 1 1 1 1 2 1 2 Gunslinging . | . . . . . . . . . . . . . . . . . . . . . . . . . Exploded 2 | . 2 . 1 . . . . . . . . . . . . . . . . . . . . . Melee 2 | . . . . 1 . . . . 1 . 2 1 1 . 1 1 . 1 1 1 1 1 1 1 Uniques/NPCs Destroyed . | . . . . . . . . . . . . . . . . . . . . . . . . . Combat | -11 -10 -10 -9 -9 -8 -8 -8 -8 -6 -6 -6 -6 -6 -6 -5 -5 -5 -5 -5 -5 -5 -5 -4 -4 -------- Run | Yrd Mat Min Mat Min Mat Sto Rec Scr Fac Was Fac Low Low Zio Pro Fac Was Fac Ext Cet Arc Hub Fac Arm Hostile Shots Fired 1129 | . 56 9 133 18 18 29 3 . 94 . 128 6 32 . 3 82 . 14 75 25 33 48 153 170 Missed 440 | . 16 6 67 4 11 13 3 . 50 . 47 4 10 . 2 26 . 3 25 9 8 16 64 56 Deflected 10 | . . . . . . . . . . . . . . . . . . . . . . 4 1 5 Hits 689 | . 40 3 66 14 7 16 . . 44 . 81 2 22 . 1 56 . 11 50 16 25 32 89 114 Melee 3 | . . . . . . . . . . . . . . . . . . . . . . . . 3 Projectile 686 | . 40 3 66 14 7 16 . . 44 . 81 2 22 . 1 56 . 11 50 16 25 32 89 111 Critical Strikes 27 | . . . 2 . . . . . . . 5 . 1 . . 3 . . 2 4 . . 4 6 Actively Blocked 1 | . . . 1 . . . . . . . . . . . . . . . . . . . . . Damage Taken 11569 | . 374 42 836 116 94 306 . . 574 . 1451 39 340 . 31 1016 . 269 1191 478 666 465 1414 1867 Core 3378 | . 136 . 269 75 64 72 . . 194 . 354 . 115 . . 294 . 6 238 132 107 160 492 670 Absorbed by Shields 88 | . . . . . . . . . . . . . . . . . . . 88 . . . . . Redirected to Shielding 268 | . 16 3 32 . . . . . 75 . 84 12 . . . . . . . . . . . 46 Ignored by Resistances 25 | . . . . . . . . . . . . . . . . . . . 25 . . . . . Regen/Repaired (Parts) 714 | . 30 . . . 9 . . . 44 . . . . . . 30 . . 58 24 295 27 197 . Core Remaining (%) 43 | 100 . 45 . 14 . . . 75 . . . . . . 22 . . . . . . 6 . . Volleys Fired 73 | 2 53 . 16 . . . . . . . . . . . . . . . 2 . . . . . Largest 2 | 1 2 . 2 . . . . . . . . . . . . . . . 1 . . . . . Hottest 100 | 40 100 . 53 . . . . . . . . . . . . . . . . . . . . . Shots Fired 132 | 2 97 . 31 . . . . . . . . . . . . . . . 2 . . . . . Gun 125 | 2 95 . 28 . . . . . . . . . . . . . . . . . . . . . Cannon . | . . . . . . . . . . . . . . . . . . . . . . . . . Launcher 4 | . 1 . 3 . . . . . . . . . . . . . . . . . . . . . Special 3 | . 1 . . . . . . . . . . . . . . . . . 2 . . . . . Kinetic 116 | . 88 . 28 . . . . . . . . . . . . . . . . . . . . . Thermal 1 | . 1 . . . . . . . . . . . . . . . . . . . . . . . Explosive 4 | . 1 . 3 . . . . . . . . . . . . . . . . . . . . . Electromagnetic 9 | 2 7 . . . . . . . . . . . . . . . . . . . . . . . Robot Hit Streak 12 | 2 12 . 7 . . . . . . . . . . . . . . . 1 . . . . . Robot Miss Streak 5 | . 5 . 2 . . . . . . . . . . . . . . . 1 . . . . . Penetration Max . | . . . . . . . . . . . . . . . . . . . . . . . . . Secondary Targets 2 | . 1 . 1 . . . . . . . . . . . . . . . . . . . . . Max Gunslinging Chain 1 | . 1 . 1 . . . . . . . . . . . . . . . . . . . . . Autonomous 14 | . . . . . . . . . . . . . . . . . . . . . . 3 4 7 Shots Hit Robots 430 | 2 54 . 39 8 1 5 . . 18 . 57 4 5 . 3 36 . 9 45 10 42 19 26 47 Core Hits 188 | 2 31 . 15 4 1 1 . . 11 . 26 1 2 . . 16 . 3 13 4 15 9 12 22 Critical Kills 4 | . 1 . 1 1 1 . . . . . . . . . . . . . . . . . . . Critical Parts Destroyed 5 | . 1 . 3 . . 1 . . . . . . . . . . . . . . . . . . Critical Strikes 29 | . 2 . 4 1 1 1 . . 2 . 2 . . . . 2 . . 8 2 . . 2 2 Destroy 2 | . 2 . . . . . . . . . . . . . . . . . . . . . . . Smash 7 | . . . 4 1 1 1 . . . . . . . . . . . . . . . . . . Melee Attacks 527 | . . . 29 10 8 21 2 . 27 . 74 6 10 . 5 58 . 11 55 14 45 29 49 74 Impact 70 | . . . 29 10 8 21 2 . . . . . . . . . . . . . . . . . Slashing 457 | . . . . . . . . . 27 . 74 6 10 . 5 58 . 11 55 14 45 29 49 74 Piercing . | . . . . . . . . . . . . . . . . . . . . . . . . . Sneak Attacks 53 | . . . 9 1 1 3 . . . . 8 . . . . 4 . 1 6 . 10 1 5 4 Combat Hostiles 7 | . . . . . . . . . . . 3 . . . . 2 . . . . . . 1 1 Follow-up Attacks 9 | . . . . . . . . . 1 . 2 . . . . 1 . . 1 . . 3 . 1 Damage Inflicted 21979 | 27 534 . 1521 412 123 403 . . 747 . 3043 209 210 . 178 1760 . 473 2059 405 2471 1470 2265 3669 Guns 769 | 27 438 . 304 . . . . . . . . . . . . . . . . . . . . . Cannons 1262 | . . . . . . . . . . . . . . . . . . . . . . 288 351 623 Explosions 345 | . 96 . 249 . . . . . . . . . . . . . . . . . . . . . Melee 19574 | . . . 968 412 123 403 . . 747 . 3043 209 210 . 178 1760 . 473 2037 405 2471 1182 1914 3039 Ramming 29 | . . . . . . . . . . . . . . . . . . . 22 . . . . 7 Kinetic 720 | . 416 . 304 . . . . . . . . . . . . . . . . . . . . . Thermal . | . . . . . . . . . . . . . . . . . . . . . . . . . Explosive 345 | . 96 . 249 . . . . . . . . . . . . . . . . . . . . . Electromagnetic 49 | 27 22 . . . . . . . . . . . . . . . . . . . . . . . Impact 1906 | . . . 968 412 123 403 . . . . . . . . . . . . . . . . . . Slashing 17668 | . . . . . . . . . 747 . 3043 209 210 . 178 1760 . 473 2037 405 2471 1182 1914 3039 Piercing . | . . . . . . . . . . . . . . . . . . . . . . . . . Phasic 1262 | . . . . . . . . . . . . . . . . . . . . . . 288 351 623 Highest Corruption 15 | . . . . 3 . 15 15 15 . 9 10 10 10 10 . . 8 8 8 8 8 1 3 4 Average Corruption 8 | . . . . 3 . 15 15 15 . 9 9 10 10 10 . . 8 8 8 8 3 1 1 3 Corruption Purged 11 | . . . . . . . . . . . . . . . . . . . . . 8 . 3 . Corruption Blocked . | . . . . . . . . . . . . . . . . . . . . . . . . . Effects 108 | . . . . . . 1 11 2 . 1 21 4 6 2 . . 1 7 30 8 6 . 3 5 Message Errors 25 | . . . . . . . 1 1 . . 3 . 2 . . . 1 2 6 6 1 . 2 . Matter Fused 23 | . . . . . . 1 3 . . . 4 1 1 1 . . . 2 6 . 3 . . 1 Heat Flow Errors 18 | . . . . . . . 2 1 . . 5 1 . . . . . 1 6 1 . . . 1 Energy Discharges 17 | . . . . . . . 3 . . . 2 1 2 . . . . 1 5 1 1 . . 1 Parts Rejected 6 | . . . . . . . . . . 1 3 . . . . . . . 2 . . . . . Parts Fused 1 | . . . . . . . . . . . . . . . . . . . . . . . . 1 Data Loss (minor) 11 | . . . . . . . . . . . 4 1 . . . . . . 3 . 1 . 1 1 Data Loss (major) 3 | . . . . . . . . . . . . . 1 . . . . . 2 . . . . . Alerts 4 | . . . . . . . 2 . . . . . . 1 . . . 1 . . . . . . Overload Shots . | . . . . . . . . . . . . . . . . . . . . . . . . . Overflow Damage 2417 | . . . 308 88 . 162 . . 39 . 163 3 24 . 88 29 . . 157 . 438 240 370 308 Projectiles 132 | . . . . . . . . . . . . . . . . . . . . . . 132 . . Explosions . | . . . . . . . . . . . . . . . . . . . . . . . . . Melee 2285 | . . . 308 88 . 162 . . 39 . 163 3 24 . 88 29 . . 157 . 438 108 370 308 Knockbacks 7 | . . . 7 . . . . . . . . . . . . . . . . . . . . . Impact 7 | . . . 7 . . . . . . . . . . . . . . . . . . . . . Kinetic . | . . . . . . . . . . . . . . . . . . . . . . . . . Secondary . | . . . . . . . . . . . . . . . . . . . . . . . . . Self-Inflicted Damage 3 | . . . . . . . . . . . . . . . . . . . . . . . . 3 Shots . | . . . . . . . . . . . . . . . . . . . . . . . . . Rammed 1 | . . . . . . . . . . . . . . . . . . . . . . . . 1 Targets Rammed 4 | . . . . . . . . . . . . . . . . . . . 3 . . . . 1 Kicked 3 | . . . . . . . . . . . . . . . . . . . 3 . . . . . Crushed . | . . . . . . . . . . . . . . . . . . . . . . . . . Highest Temperature 263 | . 9 . 3 . . 5 252 263 38 7 211 163 1 . 5 3 . 180 248 139 . 14 4 124 Average Temperature 63 | . 2 . 3 . . 5 114 145 13 7 55 98 1 . 5 3 . 103 87 67 . 8 2 64 Received Heat Transfer 2076 | . 90 24 249 . 45 126 . . 102 . 495 18 39 . 12 90 . 45 249 36 90 18 72 276 Effects 2 | . . . . . . . . 2 . . . . . . . . . . . . . . . . Energy Bleed 1 | . . . . . . . . 1 . . . . . . . . . . . . . . . . Interference 1 | . . . . . . . . 1 . . . . . . . . . . . . . . . . Siege Activations . | . . . . . . . . . . . . . . . . . . . . . . . . . Martial Activations . | . . . . . . . . . . . . . . . . . . . . . . . . . Shielding Activations . | . . . . . . . . . . . . . . . . . . . . . . . . . Robots Disrupted 6 | . . . . . . . . . . . . 1 . . . . . . . 1 1 . . 3 Combat Hostiles 5 | . . . . . . . . . . . . 1 . . . . . . . 1 1 . . 2 Robots Corrupted 8 | . . . 4 1 . 2 . . . . . . . . . . . . . . . . . 1 Combat Hostiles 2 | . . . . 1 . . . . . . . . . . . . . . . . . . . 1 Parts Fried 12 | . . . 5 2 . 5 . . . . . . . . . . . . . . . . . . Impact Corruptions 22 | . . . 14 3 . 4 . . . . . . . . . . . . . . . . . 1 Robots Melted . | . . . . . . . . . . . . . . . . . . . . . . . . . Combat Hostiles . | . . . . . . . . . . . . . . . . . . . . . . . . . Parts Melted . | . . . . . . . . . . . . . . . . . . . . . . . . . Heat Transferred . | . . . . . . . . . . . . . . . . . . . . . . . . . Parts Sabotaged 4 | . . . . . . . . . . . . . . . . . . . . . . . . 4 Parts Stolen . | . . . . . . . . . . . . . . . . . . . . . . . . . Parts Stripped . | . . . . . . . . . . . . . . . . . . . . . . . . . Power Chain Reactions . | . . . . . . . . . . . . . . . . . . . . . . . . . Alert | -11 -10 -10 -9 -9 -8 -8 -8 -8 -6 -6 -6 -6 -6 -6 -5 -5 -5 -5 -5 -5 -5 -5 -4 -4 ------- Run | Yrd Mat Min Mat Min Mat Sto Rec Scr Fac Was Fac Low Low Zio Pro Fac Was Fac Ext Cet Arc Hub Fac Arm Maximum Alert Level 3 | . 1 . 2 1 . 2 1 . 1 . 3 . . . . 2 . . 3 2 . 1 1 1 Low Security (%) 48 | 100 68 100 49 . 100 3 10 . 42 100 17 . . . . 1 100 100 43 . 100 91 56 79 Level 1 33 | . 31 . 12 100 . 72 89 . 57 . 17 . . . . 93 . . 27 . . 8 43 20 Level 2 13 | . . . 38 . . 23 . . . . 32 . . . . 5 . . 15 100 . . . . Level 3 5 | . . . . . . . . . . . 32 . . . . . . . 14 . . . . . Level 4 . | . . . . . . . . . . . . . . . . . . . . . . . . . Level 5 . | . . . . . . . . . . . . . . . . . . . . . . . . . High Security . | . . . . . . . . . . . . . . . . . . . . . . . . . Max Security . | . . . . . . . . . . . . . . . . . . . . . . . . . Peak Influence 1033 | 10 315 103 581 242 139 503 316 . 365 92 1033 . . . . 422 71 42 832 510 175 280 271 300 Initial 455 | . . 37 35 202 90 58 115 . . 92 57 . . . . 315 71 42 14 455 170 . 133 34 Average 245 | 5 151 49 274 223 92 340 244 . 191 88 540 . . . . 318 68 22 316 461 82 63 160 120 Influence Increases 10566 | 10 519 156 1232 80 119 957 239 . 797 . 1550 20 130 . 55 1003 . 79 1525 220 140 360 525 850 Destroy 0b10 Robot/C 3260 | . 300 . 140 60 . 140 . . 200 . 320 20 60 . . 260 . 20 720 140 80 180 160 460 Destroy 0b10 Robot/NC 305 | 10 20 . 50 10 5 20 . . . . 25 . . . 10 15 . 5 25 10 45 10 30 15 Destroy Leader 556 | . 56 . 28 10 2 58 . . 50 . 78 . 10 . . 34 . 10 94 . . 22 32 72 Allied During Kill 761 | . . . . . . 118 . . . . . . . . . . . . 478 43 . . . 122 Trap Triggered on 0b10 20 | . . . 20 . . . . . . . . . . . . . . . . . . . . . Successful Hack 429 | . 30 6 53 . 30 46 12 . 52 . 47 . . . . 27 . 10 15 . . 25 71 5 Select Force Hacks 430 | . 30 . 60 . . 30 210 . . . . . . . . . . . . . . 100 . . Disable Machine 165 | . . . 30 . . 30 . . . . . . . . . 30 . . 15 . . . 15 45 Anti-Garrison Action 200 | . . . . . . 200 . . . . . . . . . . . . . . . . . . Destroy Structure 210 | . 8 . 26 . 7 15 2 . . . . . . . . 22 . 4 58 12 . 8 22 26 Advance Influence 300 | . . . . . . . . . . . . . . . . 300 . . . . . . . . Partial Spotted 570 | . 45 30 45 . . 105 . . 60 . 75 . . . . 135 . . . . 15 . 45 15 Lose Combat Pursuer 3360 | . 30 120 780 . 75 195 15 . 435 . 1005 . 60 . 45 180 . 30 120 15 . 15 150 90 Influence Decreases 10266 | 10 422 160 805 368 212 799 352 184 532 183 619 465 259 439 30 824 143 110 741 609 565 88 726 621 Entered New Map 3114 | . . 60 58 318 142 81 182 184 . 173 25 375 109 439 . 10 133 19 16 359 255 . 139 37 Time Decay 3471 | 10 242 80 254 30 60 198 170 . 151 10 334 60 80 . 30 334 10 70 394 130 300 68 214 242 Search Patrol Dispatched 600 | . . . 100 . . . . . 100 . 200 . . . . 200 . . . . . . . . Lost Part 798 | . 30 10 50 20 . 40 . . 40 . 60 10 70 . . 130 . 21 72 . 10 20 125 90 Lost Ally 861 | . . 10 10 . 10 180 . . . . . 20 . . . . . . 259 120 . . . 252 Purge Threat 1422 | . 150 . 333 . . 300 . . 241 . . . . . . 150 . . . . . . 248 . Squads Dispatched 62 | . 4 1 4 . 5 3 . . 8 . 10 . . . . 9 . 3 3 . . 3 6 3 Investigation 47 | . 4 1 4 . 2 3 . . 7 . 8 . . . . 6 . 3 2 . . 2 5 . Extermination 6 | . . . . . . . . . 1 . 1 . . . . 2 . . . . . . 1 1 Reinforcement 9 | . . . . . 3 . . . . . 1 . . . . 1 . . 1 . . 1 . 2 Assault . | . . . . . . . . . . . . . . . . . . . . . . . . . Garrison . | . . . . . . . . . . . . . . . . . . . . . . . . . Intercept . | . . . . . . . . . . . . . . . . . . . . . . . . . Searches Triggered 6 | . . . 1 . . . . . 1 . 2 . . . . 2 . . . . . . . . Unchained Authorized 1 | . . . . . . . . . . . . . . . . . . . . . . . 1 . Construction Impeded . | . . . . . . . . . . . . . . . . . . . . . . . . . Haulers Reinforced 2 | . . . . . . . . . . . 1 . . . . 1 . . . . . . . . Active Scanning Responses . | . . . . . . . . . . . . . . . . . . . . . . . . . Cargo Convoy Interrupts . | . . . . . . . . . . . . . . . . . . . . . . . . . Stealth | -11 -10 -10 -9 -9 -8 -8 -8 -8 -6 -6 -6 -6 -6 -6 -5 -5 -5 -5 -5 -5 -5 -5 -4 -4 --------- Run | Yrd Mat Min Mat Min Mat Sto Rec Scr Fac Was Fac Low Low Zio Pro Fac Was Fac Ext Cet Arc Hub Fac Arm Distress Signals 20 | . . . 4 . . 1 . . . . 5 . . . . 1 . . 1 2 . 2 2 2 Communications Jammed . | . . . . . . . . . . . . . . . . . . . . . . . . . Distress Signals . | . . . . . . . . . . . . . . . . . . . . . . . . . Times Spotted 495 | . 25 10 72 6 21 25 1 . 42 4 86 2 7 . 7 31 6 2 39 9 14 20 32 34 Peak Tracking Total 18 | . 8 5 17 3 13 10 1 . 18 4 13 1 7 . 3 5 6 3 9 5 2 8 16 7 Tactical Retreats 75 | . 2 3 12 . 2 6 1 . 6 . 20 . 1 . 2 6 . 1 5 1 . 1 4 2 Traps | -11 -10 -10 -9 -9 -8 -8 -8 -8 -6 -6 -6 -6 -6 -6 -5 -5 -5 -5 -5 -5 -5 -5 -4 -4 ------- Run | Yrd Mat Min Mat Min Mat Sto Rec Scr Fac Was Fac Low Low Zio Pro Fac Was Fac Ext Cet Arc Hub Fac Arm Traps Triggered 6 | . 1 . 1 . . . . . 1 . 2 . . . . 1 . . . . . . . . Indirectly . | . . . . . . . . . . . . . . . . . . . . . . . . . Trap Hack Attempts . | . . . . . . . . . . . . . . . . . . . . . . . . . Triggered . | . . . . . . . . . . . . . . . . . . . . . . . . . Disarmed . | . . . . . . . . . . . . . . . . . . . . . . . . . Reprogrammed 2 | . . . 2 . . . . . . . . . . . . . . . . . . . . . Reused 2 | . . . 2 . . . . . . . . . . . . . . . . . . . . . Traps Extracted . | . . . . . . . . . . . . . . . . . . . . . . . . . Installed . | . . . . . . . . . . . . . . . . . . . . . . . . . Triggered 2 | . . . 2 . . . . . . . . . . . . . . . . . . . . . Machines | -11 -10 -10 -9 -9 -8 -8 -8 -8 -6 -6 -6 -6 -6 -6 -5 -5 -5 -5 -5 -5 -5 -5 -4 -4 ---------- Run | Yrd Mat Min Mat Min Mat Sto Rec Scr Fac Was Fac Low Low Zio Pro Fac Was Fac Ext Cet Arc Hub Fac Arm Machines Disabled 16 | . . . 4 . . 2 . . . . . 1 . . . 2 . . 3 . . . 1 3 Max in Single Turn 2 | . . . 2 . . 1 . . . . . 1 . . . 1 . . . . . . 1 1 Garrison Access 8 | . . . . . 1 1 . . . . 2 . . . . 2 . 1 . . . . 1 . Network Hub 2 | . . . . . . . . . . . . . . . . . . . . . . 2 . . Energy Cycler 1 | . . . . . . . . . . . . . . . . . . . 1 . . . . . Machines Repaired . | . . . . . . . . . . . . . . . . . . . . . . . . . Machines Dismantled . | . . . . . . . . . . . . . . . . . . . . . . . . . Machines Sabotaged 2 | . . . . . . . . . . . . . . . . . . . . . . 2 . . Overloaded Fab Kills . | . . . . . . . . . . . . . . . . . . . . . . . . . Hacking | -11 -10 -10 -9 -9 -8 -8 -8 -8 -6 -6 -6 -6 -6 -6 -5 -5 -5 -5 -5 -5 -5 -5 -4 -4 --------- Run | Yrd Mat Min Mat Min Mat Sto Rec Scr Fac Was Fac Low Low Zio Pro Fac Was Fac Ext Cet Arc Hub Fac Arm Machines Accessed 156 | . 10 1 15 . 11 13 13 4 14 . 18 2 . 1 . 17 . 6 10 . . 7 12 2 Terminals 90 | . 8 1 11 . 8 11 6 . 7 . 8 . . . . 6 . 2 9 . . 7 5 1 Fabricators 7 | . . . . . . . . . . . 1 . . . . 4 . . . . . . 1 1 Repair Stations 7 | . 1 . . . 2 . . . 1 . . . . . . 2 . . . . . . 1 . Recycling Units 30 | . 1 . 2 . . 1 7 . 4 . 5 . . . . 2 . 3 1 . . . 4 . Scanalyzers 7 | . . . 2 . . . . . 2 . 2 . . . . 1 . . . . . . . . Garrison Access 8 | . . . . . 1 1 . . . . 2 . . . . 2 . 1 . . . . 1 . Total Hacks 465 | . 32 3 45 . 43 66 31 22 38 . 43 2 . 7 . 43 . 8 17 . . 26 34 5 Successful 304 | . 21 1 29 . 26 38 17 22 26 . 21 2 . 7 . 32 . 7 10 . . 17 24 4 Failed 156 | . 10 2 15 . 17 27 14 . 11 . 22 . . . . 10 . 1 7 . . 9 10 1 Catastrophic 16 | . 1 1 3 . 2 3 . . 1 . 1 . . . . 2 . . 1 . . . 1 . Database Lockouts 5 | . 1 . 1 . . 1 . . 1 . . . . . . 1 . . . . . . . . Manual 299 | . 22 3 26 . 32 43 34 . 22 . 30 . . . . 20 . 6 14 . . 23 22 2 Terminals 319 | . 26 3 35 . 38 60 22 . 23 . 21 . . . . 22 . 3 16 . . 26 23 1 Fabricators 16 | . . . . . . . . . . . 1 . . . . 9 . . . . . . 2 4 Repair Stations 13 | . 5 . . . 2 . . . 2 . . . . . . 2 . . . . . . 2 . Recycling Units 40 | . 1 . 2 . . 1 9 . 5 . 10 . . . . 2 . 4 1 . . . 5 . Scanalyzers 29 | . . . 8 . . . . . 8 . 7 . . . . 6 . . . . . . . . Garrison Access 17 | . . . . . 3 5 . . . . 4 . . . . 2 . 1 . . . . 2 . Terminal Hacks 108 | . 5 1 10 . 10 20 4 22 4 . . 2 . 7 . 7 . 1 2 . . 6 6 1 Record 22 | . . . . . . . . 20 . . . 1 . . . 1 . . . . . . . . Part Schematic 17 | . . . . . . 4 2 . 2 . . . . 7 . 2 . . . . . . . . Robot Analysis 12 | . 1 1 . . 3 5 1 . . . . . . . . . . . . . . . 1 . Prototype ID Bank 5 | . 1 . . . . 1 1 . . . . . . . . 1 . . . . . 1 . . Open Door 8 | . . . . . . 2 . 1 . . . 1 . . . . . 1 2 . . . . 1 Level Access Points 1 | . . . . . . . . . . . . . . . . . . . . . . 1 . . Branch Access Points 1 | . . . . . . . . . . . . . . . . . . . . . . . 1 . Machine Index 1 | . . . . . 1 . . . . . . . . . . . . . . . . . . . Terminal Index 2 | . . . . . 1 1 . . . . . . . . . . . . . . . . . . Fabricator Index 1 | . . . . . . . . . . . . . . . . 1 . . . . . . . . Repair Station Index 1 | . . . . . 1 . . . . . . . . . . . . . . . . . . . Scanalyzer Index 3 | . . . 1 . 1 1 . . . . . . . . . . . . . . . . . . Unreport Threat 12 | . 1 . 3 . . 2 . . 2 . . . . . . 1 . . . . . . 3 . Locate Traps 1 | . . . 1 . . . . . . . . . . . . . . . . . . . . . Reprogram Traps 2 | . . . 2 . . . . . . . . . . . . . . . . . . . . . Recall Reinforcements 1 | . . . . . 1 . . . . . . . . . . . . . . . . . . . Hauler Manifests 2 | . . . 1 . . 1 . . . . . . . . . . . . . . . . . . Registered Components 1 | . 1 . . . . . . . . . . . . . . . . . . . . . . . Registered Prototypes 1 | . 1 . . . . . . . . . . . . . . . . . . . . . . . Zone Layout 13 | . . . 2 . 2 3 . . . . . . . . . 1 . . . . . 4 1 . Proto ID Catalog 1 | . . . . . . . . 1 . . . . . . . . . . . . . . . . Fabricator Hacks 8 | . . . . . . . . . . . . . . . . 5 . . . . . . 1 2 Load Schematic 5 | . . . . . . . . . . . . . . . . 3 . . . . . . 1 1 Build 3 | . . . . . . . . . . . . . . . . 2 . . . . . . . 1 Repair Station Hacks 8 | . 4 . . . . . . . 2 . . . . . . . . . . . . . 2 . Scan Component 4 | . 2 . . . . . . . 1 . . . . . . . . . . . . . 1 . Repair 4 | . 2 . . . . . . . 1 . . . . . . . . . . . . . 1 . Recycling Unit Hacks . | . . . . . . . . . . . . . . . . . . . . . . . . . Scanalyzer 24 | . . . 6 . . . . . 7 . 6 . . . . 5 . . . . . . . . Insert Component 7 | . . . 1 . . . . . 2 . 2 . . . . 2 . . . . . . . . Analyze 9 | . . . 2 . . . . . 4 . 2 . . . . 1 . . . . . . . . Retrieve Study 8 | . . . 3 . . . . . 1 . 2 . . . . 2 . . . . . . . . Garrison Access Hacks 7 | . . . . . 1 . . . . . 2 . . . . 2 . 1 . . . . 1 . Seal Access 7 | . . . . . 1 . . . . . 2 . . . . 2 . 1 . . . . 1 . Unauthorized Hacks 149 | . 12 . 13 . 15 18 13 . 13 . 13 . . . . 13 . 5 8 . . 11 14 1 Terminals 109 | . 10 . 11 . 13 16 6 . 9 . 7 . . . . 8 . 2 7 . . 11 9 . Track 12 | . . . 2 . 2 4 . . . . . . . . . . . . . . . 3 1 . Assimilate 6 | . 1 . 1 . 2 . . . 1 . . . . . . . . . . . . . 1 . Botnet 26 | . 4 . 2 . 3 3 1 . 2 . 1 . . . . 3 . 1 2 . . 2 2 . Disrupt 4 | . . . 1 . . 1 . . 1 . . . . . . . . . . . . . 1 . Operators 1 | . . . . . 1 . . . . . . . . . . . . . . . . . . . Skim 58 | . 5 . 5 . 5 8 5 . 5 . 6 . . . . 5 . 1 5 . . 4 4 . Sabotage 2 | . . . . . . . . . . . . . . . . . . . . . . 2 . . Fabricators 4 | . . . . . . . . . . . 1 . . . . 1 . . . . . . 1 1 Prioritize 1 | . . . . . . . . . . . . . . . . . . . . . . . . 1 Recompile 3 | . . . . . . . . . . . 1 . . . . 1 . . . . . . 1 . Repair Stations 5 | . 1 . . . 2 . . . . . . . . . . 2 . . . . . . . . Patch 5 | . 1 . . . 2 . . . . . . . . . . 2 . . . . . . . . Recycling Units 30 | . 1 . 2 . . 1 7 . 4 . 5 . . . . 2 . 3 1 . . . 4 . Tunnel 11 | . 1 . 2 . . 1 7 . . . . . . . . . . . . . . . . . Fedlink 19 | . . . . . . . . . 4 . 5 . . . . 2 . 3 1 . . . 4 . Scanalyzers . | . . . . . . . . . . . . . . . . . . . . . . . . . Garrison Access 1 | . . . . . . 1 . . . . . . . . . . . . . . . . . . Jam 1 | . . . . . . 1 . . . . . . . . . . . . . . . . . . Data Cores Recovered 1 | . . . . . . . . . . . . . . . . . . . . . . . 1 . Used . | . . . . . . . . . . . . . . . . . . . . . . . . . Hacking Detections 98 | . 9 1 12 . 8 10 7 . 9 . 11 . . . . 10 . 2 7 . . 5 6 1 Full Trace Events 12 | . 1 1 2 . . 1 . . 3 . 2 . . . . 1 . . 1 . . . . . Feedback Events . | . . . . . . . . . . . . . . . . . . . . . . . . . Feedback Blocked . | . . . . . . . . . . . . . . . . . . . . . . . . . Robot Schematics Acquired . | . . . . . . . . . . . . . . . . . . . . . . . . . Robots Built . | . . . . . . . . . . . . . . . . . . . . . . . . . Authchips . | . . . . . . . . . . . . . . . . . . . . . . . . . Time . | . . . . . . . . . . . . . . . . . . . . . . . . . Total Robot Build Rating . | . . . . . . . . . . . . . . . . . . . . . . . . . Part Schematics Acquired 22 | . . . . . . 4 2 . 4 . 2 . . 7 . 3 . . . . . . . . Parts Built 5 | . . . . . . . . . . . . . . . . 4 . . . . . . . 1 Authchips 3 | . . . . . . . . . . . . . . . . 2 . . . . . . . 1 Time 133 | . . . . . . . . . . . . . . . . 75 . . . . . . . 58 Total Part Build Rating 27 | . . . . . . . . . . . . . . . . 20 . . . . . . . 7 Part Studies Acquired 8 | . . . 3 . . . . . 1 . 2 . . . . 2 . . . . . . . . Parts Repaired 4 | . 2 . . . . . . . 1 . . . . . . . . . . . . . 1 . Time 144 | . 52 . . . . . . . 38 . . . . . . . . . . . . . 54 . Parts Recycled . | . . . . . . . . . . . . . . . . . . . . . . . . . Recycled Matter . | . . . . . . . . . . . . . . . . . . . . . . . . . Retrieved Matter . | . . . . . . . . . . . . . . . . . . . . . . . . . Retrieved Components . | . . . . . . . . . . . . . . . . . . . . . . . . . Parts Scanalyzed 5 | . . . 1 . . . . . 1 . 2 . . . . 1 . . . . . . . . Part Schematics Acquired 5 | . . . . . . . . . 2 . 2 . . . . 1 . . . . . . . . Parts Damaged 1 | . . . . . . . . . . . . . . . . 1 . . . . . . . . Bothacking | -11 -10 -10 -9 -9 -8 -8 -8 -8 -6 -6 -6 -6 -6 -6 -5 -5 -5 -5 -5 -5 -5 -5 -4 -4 ------------ Run | Yrd Mat Min Mat Min Mat Sto Rec Scr Fac Was Fac Low Low Zio Pro Fac Was Fac Ext Cet Arc Hub Fac Arm Used RIF Installer . | . . . . . . . . . . . . . . . . . . . . . . . . . Robots Hacked . | . . . . . . . . . . . . . . . . . . . . . . . . . Non-combat . | . . . . . . . . . . . . . . . . . . . . . . . . . Combat . | . . . . . . . . . . . . . . . . . . . . . . . . . Robot Hacks Applied . | . . . . . . . . . . . . . . . . . . . . . . . . . Relay Couplers Released . | . . . . . . . . . . . . . . . . . . . . . . . . . Fabnet Peak Effective % . | . . . . . . . . . . . . . . . . . . . . . . . . . Robots Rewired 29 | . . . . . . . . . . . . 1 . . . . . . 21 1 . . . 6 Allies Hacked . | . . . . . . . . . . . . . . . . . . . . . . . . . Hacks Repelled . | . . . . . . . . . . . . . . . . . . . . . . . . . Allies | -11 -10 -10 -9 -9 -8 -8 -8 -8 -6 -6 -6 -6 -6 -6 -5 -5 -5 -5 -5 -5 -5 -5 -4 -4 -------- Run | Yrd Mat Min Mat Min Mat Sto Rec Scr Fac Was Fac Low Low Zio Pro Fac Was Fac Ext Cet Arc Hub Fac Arm Total Allies 55 | . 1 . 1 . 1 10 . . . . . 1 . . . . . . 24 1 . . . 16 Largest Group 13 | . 1 1 1 . 1 10 . . . . . 1 . . . . . . 13 6 . . . 11 Highest-Rated Group 574 | . 10 10 10 . 10 173 . . . . . 24 . . . . . . 574 216 . . . 529 Highest-Rated Ally 159 | . 10 10 10 . 10 29 . . . . . 24 . . . . . . 159 64 . . . 58 Total Orders 5 | . 3 . . . . . . . . . . . . . . . . . . 2 . . . . STAY 3 | . 3 . . . . . . . . . . . . . . . . . . . . . . . ROAM 1 | . . . . . . . . . . . . . . . . . . . . 1 . . . . FOLLOW 1 | . . . . . . . . . . . . . . . . . . . . 1 . . . . Ally Attacks 425 | . . . . . . 77 . . . . . . . . . . . . 252 32 . . . 64 Total Damage 7925 | . . . . . . 976 . . . . . . . . . . . . 4437 647 . . . 1865 Kills 54 | . . . . . . 8 . . . . . . . . . . . . 33 8 . . . 5 Allies Corrupted . | . . . . . . . . . . . . . . . . . . . . . . . . . Allies Melted 1 | . . . . . . . . . . . . . . . . . . . 1 . . . . . Intel | -11 -10 -10 -9 -9 -8 -8 -8 -8 -6 -6 -6 -6 -6 -6 -5 -5 -5 -5 -5 -5 -5 -5 -4 -4 ------- Run | Yrd Mat Min Mat Min Mat Sto Rec Scr Fac Was Fac Low Low Zio Pro Fac Was Fac Ext Cet Arc Hub Fac Arm Active Infowar (turns) 4767 | 5 575 174 . . 68 253 . . . . . . . . 31 712 27 163 943 88 772 136 286 534 Optics 2617 | . . . . . . . . . . . . . . . 31 687 27 163 943 66 . . 199 501 Sensors 1801 | . . 2 . . . . . . . . . . . . . 431 27 155 47 22 772 130 215 . Structural 1397 | . . . . . 68 253 . . . . . . . . . 428 27 155 10 . 320 136 . . Seismic 1270 | 5 575 174 . . . . . . . . . . . . . . . . . . . . 49 467 Robot Analysis Total 11 | . 1 1 . . 3 5 . . . . . . . . . . . . . . . . 1 . Derelict Logs Recovered 7 | . . 1 . 1 . . . . . . . 2 1 1 1 . . . . . . . . . Drone Launches . | . . . . . . . . . . . . . . . . . . . . . . . . . Drone Recoveries . | . . . . . . . . . . . . . . . . . . . . . . . . . Exploration | -11 -10 -10 -9 -9 -8 -8 -8 -8 -6 -6 -6 -6 -6 -6 -5 -5 -5 -5 -5 -5 -5 -5 -4 -4 ------------- Run | Yrd Mat Min Mat Min Mat Sto Rec Scr Fac Was Fac Low Low Zio Pro Fac Was Fac Ext Cet Arc Hub Fac Arm Turns Passed 8452 | 21 575 175 544 66 139 412 342 323 359 28 749 128 162 203 88 751 27 163 943 264 772 223 461 534 Spaces Moved 14154 | 29 702 433 991 80 300 583 387 1193 983 86 1911 309 446 730 264 1308 88 390 602 228 449 259 866 537 Core 330 | 29 160 . . . . . . . . . . . . . . . . . 5 . 32 . 13 91 Treads 4 | . . . . . . . . . . . . . . . . . . . . . . . . 4 Legs 426 | . . . . . . . . . . . . . . . . . . . 426 . . . . . Wheels . | . . . . . . . . . . . . . . . . . . . . . . . . . Hover 851 | . . . . . . . . . . . . . . . . . . . 24 228 417 180 . 2 Flight 12543 | . 542 433 991 80 300 583 387 1193 983 86 1911 309 446 730 264 1308 88 390 147 . . 79 853 440 Fastest Speed 20 | 50 37 37 34 34 34 26 26 26 21 26 20 24 26 26 26 20 28 28 30 56 48 24 20 40 Average Speed 35 | 50 40 37 35 36 34 29 26 26 24 26 24 25 28 26 26 26 28 30 96 56 109 40 27 45 Slowest Speed 750 | 50 50 37 37 40 34 37 26 26 26 26 101 26 195 29 26 86 28 119 250 56 750 52 515 145 Overloaded Moves . | . . . . . . . . . . . . . . . . . . . . . . . . . Propulsion Burnouts . | . . . . . . . . . . . . . . . . . . . . . . . . . Robots Hopped 119 | . 5 13 20 1 11 14 1 . 6 2 20 . 1 . 1 4 5 1 1 . . 3 8 2 Potential Cave-ins . | . . . . . . . . . . . . . . . . . . . . . . . . . Cave-ins Triggered . | . . . . . . . . . . . . . . . . . . . . . . . . . Exploration Rate (%) 57 | 3 94 86 86 12 54 90 93 81 34 69 38 48 61 84 51 39 81 14 79 59 98 30 21 34 Regions Visited 24 Branch Regions 14 Pre-discovered Areas 23 | . 2 1 3 . . 3 7 3 1 . . 1 . . . . . . 2 . . . . . Known Exits Taken 15 | . . 1 1 1 1 1 . 1 . . 1 1 . . 1 . . 1 1 1 1 1 1 . Unknown Exits Taken 5 | 1 1 . . . . . 1 . . . . . 1 1 . . . . . . . . . . Scrap Searched 18 | . . 3 . . . . . 5 . . . 1 2 4 3 . . . . . . . . . Spaces Dug 78 | . 1 . 7 . 7 14 2 . . . . 1 2 . 1 11 . 2 3 . . 4 11 12 Terrain Destroyed 103 | . 8 . 25 . 7 14 2 . . . . 1 2 . 1 11 . 2 3 . . 4 11 12 Melee 77 | . . . 7 . 7 14 2 . . . . 1 2 . 1 11 . 2 3 . . 4 11 12 Projectile 1 | . 1 . . . . . . . . . . . . . . . . . . . . . . . AOE 25 | . 7 . 18 . . . . . . . . . . . . . . . . . . . . . Terrain Rammed . | . . . . . . . . . . . . . . . . . . . . . . . . . Walls Destroyed . | . . . . . . . . . . . . . . . . . . . . . . . . . Machines Disabled . | . . . . . . . . . . . . . . . . . . . . . . . . . Actions | -11 -10 -10 -9 -9 -8 -8 -8 -8 -6 -6 -6 -6 -6 -6 -5 -5 -5 -5 -5 -5 -5 -5 -4 -4 --------- Run | Yrd Mat Min Mat Min Mat Sto Rec Scr Fac Was Fac Low Low Zio Pro Fac Was Fac Ext Cet Arc Hub Fac Arm Total 16711 | 32 899 433 1082 94 308 765 622 1206 1053 89 2086 349 463 740 273 1626 84 416 922 344 690 348 1028 759 Wait 1526 | . 131 9 41 1 4 147 235 4 35 1 70 27 3 9 5 214 2 8 116 90 170 42 92 70 Move 13914 | 28 691 408 952 77 283 556 384 1192 971 82 1874 308 443 729 261 1300 79 387 599 227 448 252 849 534 Hop 99 | . 5 11 18 1 5 12 1 . 6 1 16 . 1 . 1 4 3 1 1 . . 3 8 1 Pick Up 59 | . 3 2 4 . 1 7 . 4 3 2 9 1 . 1 . 7 . 1 6 . 1 . 3 4 Fast Attach 132 | 2 9 1 7 3 4 8 . 1 4 1 7 2 5 1 1 18 . . 16 3 7 6 10 16 Attach 44 | . 2 . 2 1 . . . 1 5 . 3 . 1 . . 6 . 4 1 1 1 5 6 5 Detach 19 | . 2 1 1 . 1 1 . . . . 1 . . . . 3 . . . 2 . 2 4 1 Swap 55 | . 1 1 4 . 2 4 . . 3 . 8 . . . . 10 . 2 12 . 1 3 2 2 Drop 88 | . 2 . 8 1 . 9 . 4 . 2 11 4 . . . 7 . 2 14 2 4 9 5 4 Fire 73 | 2 53 . 16 . . . . . . . . . . . . . . . 2 . . . . . Melee 516 | . . . 29 10 8 21 2 . 26 . 72 6 10 . 5 57 . 11 52 14 45 26 49 73 Ram 1 | . . . . . . . . . . . . . . . . . . . . . . . . 1 Kick 3 | . . . . . . . . . . . . . . . . . . . 3 . . . . . Crush . | . . . . . . . . . . . . . . . . . . . . . . . . . Escape Stasis 15 | . . . . . . . . . . . 15 . . . . . . . . . . . . . Rewire 167 | . . . . . . . . . . . . 1 . . . . . . 100 5 13 . . 48 Trap . | . . . . . . . . . . . . . . . . . . . . . . . . . Miscellaneous . | . . . . . . . . . . . . . . . . . . . . . . . . . Route ------- -11/Scrapyard -10/Materials (discovered 5 exits: *Mat x3 / *Min x2) -10/Mines (discovered 3 exits: *Mat x2 / [*Sub]) -9/Materials (discovered 4 exits: *Mat x3 / *Min) -9/Mines (discovered 2 exits: *Mat x2) -8/Materials -8/Storage -8/Recycling (discovered 2 exits: *Fac / *Scr) -8/Scraptown (discovered 2 exits: *Fac x2) -6/Factory (discovered 6 exits: *Fac x4 / *Low x2) -6/Waste -6/Factory (discovered 4 exits: *Fac x2 / *Low x2) -6/Lower Caves -6/Lower Caves (discovered 2 exits: *Fac / *Zio) -6/Zion -5/Proximity Caves -5/Factory (discovered 7 exits: Fac x4 / Upp / Ext x2) -5/Waste -5/Factory (discovered 2 exits: *Ext x2) -5/Extension (discovered 3 exits: *Fac x2 / *Cet) -5/Cetus (discovered 3 exits: *Fac x2 / *Arc) -5/Archives (discovered 3 exits: *Fac / *Hub x2) -5/Hub_04(d) (discovered 4 exits: *Fac x4) -4/Factory (discovered 4 exits: Res / *Upp x2 / *Arm) -4/Armory (discovered 1 exit: Res) History --------- Turn | Location | Event 5 | -11/Scrapyard | Discovered new exit (range 16) 22 | -11/Scrapyard | Entered Materials 51 | -10/Materials | Discovered new exit (range 7) 113 | -10/Materials | Discovered new exit (range 14) 163 | -10/Materials | Discovered new exit (range 5) 222 | -10/Materials | Discovered new exit (range 8) 300 | -10/Materials | Build established: Mutant 311 | -10/Materials | Discovered new exit (range 7) 342 | -10/Materials | Core integrity fell below 50% 369 | -10/Materials | Learned Storage trap positions 413 | -10/Materials | Repaired Flight Unit 440 | -10/Materials | Repaired Flight Unit 511 | -10/Materials | Central database locked down 515 | -10/Materials | Learned location of Subcaves (-10) 522 | -10/Materials | Derelicts attacked the area 547 | -10/Materials | Learned Storage stockpile data 597 | -10/Materials | Entered Mines 597 | -10/Mines | Accompanied by 1 ally 598 | -10/Mines | Identified exit to Materials 613 | -10/Mines | Found a damaged Exp. Sensor Array with a note attached 614 | -10/Mines | Found Prototype Device 614 | -10/Mines | Identified Exp. Sensor Array 627 | -10/Mines | Learned location of Mines (-9) 756 | -10/Mines | Discovered new exit (range 13) 772 | -10/Mines | Entered Materials 772 | -9/Materials | Evolved 2 slots: Propulsion x1, Utility x1 773 | -9/Materials | Identified exit to Materials 994 | -9/Materials | Central database locked down 1069 | -9/Materials | Identified exit to Mines 1122 | -9/Materials | Learned location of 1 exit from Materials 1164 | -9/Materials | Learned Storage trap positions 1172 | -9/Materials | Search patrols dispatched 1194 | -9/Materials | Learned 4 Recycling zone layouts 1212 | -9/Materials | Learned Storage trap positions 1217 | -9/Materials | Core integrity fell below 50% 1218 | -9/Materials | Learned location of Zion (-6) 1233 | -9/Materials | Loaded intel: 74 machine locations 1316 | -9/Materials | Entered Mines 1345 | -9/Mines | Core integrity fell below 20% 1361 | -9/Mines | Discovered exit to Materials (range 5) 1373 | -9/Mines | Lost 3 parts (2n1u) 1382 | -9/Mines | Entered Materials 1382 | -8/Materials | Evolved 2 slots: Propulsion x1, Utility x1 1383 | -8/Materials | Identified exit to Storage 1521 | -8/Materials | Entered Storage 1522 | -8/Storage | Identified exit to Recycling 1523 | -8/Storage | Loaded intel: 11 trap records 1605 | -8/Storage | Central database locked down 1609 | -8/Storage | Assisted by bots powering up and referring to "LRC-V3" 1693 | -8/Storage | Lost 10 allies 1784 | -8/Storage | Used back door to open Recycling access 1790 | -8/Storage | Learned Factory scanalyzer intel 1808 | -8/Storage | Learned location of Lower Caves (-7) 1861 | -8/Storage | Learned location of 1 exit from Extension 1920 | -8/Storage | System corruption reached 10% 1933 | -8/Storage | Entered Recycling 1934 | -8/Recycling | Identified exit to Factory 1941 | -8/Recycling | Build established: Hacker-Sprinter 2034 | -8/Recycling | Scanned before Scraplab entrance 2040 | -8/Recycling | Discovered new exit (range 2) 2073 | -8/Recycling | Learned location of 1 exit from Storage 2118 | -8/Recycling | Learned location of 1 exit from Recycling 2155 | -8/Recycling | Learned 4 Factory zone layouts 2183 | -8/Recycling | Learned 4 Recycling zone layouts 2200 | -8/Recycling | Loaded intel: 7 recycling unit locations 2226 | -8/Recycling | Learned 2 Storage zone layouts 2262 | -8/Recycling | Learned 4 Recycling zone layouts 2275 | -8/Recycling | Entered Scraptown 2293 | -8/Scraptown | Visited UFD Registry 2293 | -8/Scraptown | Registered with UFD as "Lasernade" 2301 | -8/Scraptown | Visited Science Guys 2349 | -8/Scraptown | System corruption cleaned by C-Scrubber 2423 | -8/Scraptown | Heard Great Nut preacher, LISTEN AND RECITE! 2426 | -8/Scraptown | Visited Spacefarers 2428 | -8/Scraptown | Visited Assassins FH 2433 | -8/Scraptown | Visited Cave Peace 2444 | -8/Scraptown | Visited Fellowship of the Rings 2447 | -8/Scraptown | Visited Cyclists 2449 | -8/Scraptown | Entered Cyclist Reading Room 2457 | -8/Scraptown | Visited Red Mages 2486 | -8/Scraptown | Visited Sword Containment 2490 | -8/Scraptown | Found Prototype Slashing Weapon 2490 | -8/Scraptown | Identified Companion Sword 2500 | -8/Scraptown | Visited A0-MCA Data Center 2501 | -8/Scraptown | Given a B- rating by A0-MCA 2505 | -8/Scraptown | Found A0-MCA's Component Scanner 2531 | -8/Scraptown | Visited Observation Area 2539 | -8/Scraptown | Visited Cartography Club 2552 | -8/Scraptown | Learned 12 Research zone layouts 2552 | -8/Scraptown | Learned 4 Mines zone layouts 2552 | -8/Scraptown | Learned 20 Lower Caves zone layouts 2552 | -8/Scraptown | Learned 24 Upper Caves zone layouts 2552 | -8/Scraptown | Learned 16 Proximity Caves zone layouts 2552 | -8/Scraptown | Learned Research emergency access door positions 2552 | -8/Scraptown | Learned location of 2 exits from Research 2552 | -8/Scraptown | Learned location of 1 exit from Upper Caves 2552 | -8/Scraptown | Learned location of 1 exit from Proximity Caves 2560 | -8/Scraptown | Found Deep Structural Scanner 2570 | -8/Scraptown | Visited DA-N13 Charitable Foundation 2573 | -8/Scraptown | Found DCF Scrap (27 items) 2584 | -8/Scraptown | Met Optimus 2584 | -8/Scraptown | Accepted into 0bPrime 2598 | -8/Scraptown | Entered Factory 2598 | -6/Factory | Evolved 4 slots: Propulsion x2, Utility x2 2599 | -6/Factory | Identified exit to Factory 2599 | -6/Factory | Identified exit to Lower Caves 2601 | -6/Factory | Loaded intel: 4 scanalyzer locations 2659 | -6/Factory | Loaded intel: 8 recycling unit locations 2751 | -6/Factory | Learned location of Protoforge (-2) 2768 | -6/Factory | Central database locked down 2833 | -6/Factory | Repaired Imp. Propulsion Shielding 2948 | -6/Factory | Search patrols dispatched 2957 | -6/Factory | Sucked down chute 2957 | -6/Factory | Entered Waste 2961 | -6/Waste | Spotted C-40 Crusher 2968 | -6/Waste | Spotted C-40 Crusher 2972 | -6/Waste | EMP discharged 2975 | -6/Waste | Spotted C-40 Crusher 2979 | -6/Waste | Spotted C-40 Crusher 2982 | -6/Waste | Discovered new exit (range 12) 2983 | -6/Waste | Spotted C-40 Crusher 2985 | -6/Waste | Entered Factory 3056 | -6/Factory | Loaded intel: 8 recycling unit locations 3335 | -6/Factory | Search patrols dispatched 3477 | -6/Factory | Learned location of 1 exit from Cetus 3514 | -6/Factory | System corruption reached 10% 3524 | -6/Factory | Learned location of 1 exit from Upper Caves 3543 | -6/Factory | Discovered exit to Factory (range 4) 3562 | -6/Factory | Learned Extension trap positions 3601 | -6/Factory | Core integrity fell below 50% 3608 | -6/Factory | Loaded intel: 6 repair station locations 3672 | -6/Factory | Learned Hub_04(d) machine intel 3685 | -6/Factory | Search patrols dispatched 3734 | -6/Factory | Entered Lower Caves 3735 | -6/Lower Caves | Identified exit to Lower Caves 3797 | -6/Lower Caves | Learned location of Extension (-5) 3826 | -6/Lower Caves | Found Alien Artifact 3836 | -6/Lower Caves | Encountered a Warlord checkpoint 3862 | -6/Lower Caves | Entered another Lower Caves area 3865 | -6/Lower Caves | Discovered exit to Factory (range 7) 3919 | -6/Lower Caves | Spotted B-75 Beast 3946 | -6/Lower Caves | Encountered a Warlord checkpoint 3954 | -6/Lower Caves | Discovered new exit (range 6) 4004 | -6/Lower Caves | Lost 7 parts (2p4n1u) 4024 | -6/Lower Caves | Entered Zion 4050 | -6/Zion | Given A8's code to call for help 4052 | -6/Zion | Discovered new exit (range 11) 4064 | -6/Zion | System corruption cleaned by Quarantine Array 4165 | -6/Zion | Learned 4 Factory zone layouts 4187 | -6/Zion | Turned away by Imprinter 4227 | -6/Zion | Entered Proximity Caves 4230 | -5/Proximity Caves | Build established: Scavenger-Sprinter 4278 | -5/Proximity Caves | Spotter reported a threat 4291 | -5/Proximity Caves | Spotter reported a threat 4309 | -5/Proximity Caves | Spotted B-75 Beast 4315 | -5/Proximity Caves | Entered Factory 4315 | -5/Factory | Evolved 2 slots: Utility x2 4316 | -5/Factory | Identified exit to Upper Caves 4317 | -5/Factory | Identified exit to Factory 4380 | -5/Factory | Fabricated Surge Thruster (x2) 4388 | -5/Factory | Loaded intel: 8 recycling unit locations 4445 | -5/Factory | Spotted B-75 Beast 4527 | -5/Factory | Lost 7 parts (1p3n3u) 4613 | -5/Factory | Identified Dimensional Node Initializer 4613 | -5/Factory | Central database locked down 4615 | -5/Factory | Search patrols dispatched 4619 | -5/Factory | Lost 3 parts (3n) 4779 | -5/Factory | Fabricated Nanoactuators (x2) 4903 | -5/Factory | Learned location of 1 exit from Armory 4915 | -5/Factory | Search patrols dispatched 4921 | -5/Factory | Discovered exit to Factory (range 13) 4938 | -5/Factory | Learned location of 2 exits from Research 4961 | -5/Factory | Learned 4 Research zone layouts 4974 | -5/Factory | Identified exit to Extension 4976 | -5/Factory | Build established: Hacker-Scout 4979 | -5/Factory | Learned location of 1 exit from Testing 5000 | -5/Factory | Learned Testing emergency access door positions 5066 | -5/Factory | Sucked down chute 5066 | -5/Factory | Entered Waste 5072 | -5/Waste | Spotted C-40 Crusher 5073 | -5/Waste | Spotted C-40 Crusher 5076 | -5/Waste | Spotted C-40 Crusher 5079 | -5/Waste | Spotted C-40 Crusher 5081 | -5/Waste | EMP discharged 5081 | -5/Waste | Spotted C-40 Crusher 5082 | -5/Waste | Spotted C-40 Crusher 5088 | -5/Waste | Discovered new exit (range 14) 5093 | -5/Waste | Identified exit to Factory 5093 | -5/Waste | Entered Factory 5128 | -5/Factory | Loaded intel: 8 recycling unit locations 5206 | -5/Factory | Spotted B-75 Beast 5255 | -5/Factory | Discovered exit to Extension (range 6) 5256 | -5/Factory | Entered Extension 5258 | -5/Extension | Loaded intel: 11 trap records 5269 | -5/Extension | Lost 4 parts (1p3n) 5355 | -5/Extension | Rescued a captive Derelict 5356 | -5/Extension | Rescued a captive Derelict 5368 | -5/Extension | Energy Cycler disabled 5368 | -5/Extension | Rescued a captive Derelict 5368 | -5/Extension | Rescued a captive Derelict 5368 | -5/Extension | Rescued a captive Derelict 5368 | -5/Extension | Rescued a captive Derelict 5368 | -5/Extension | Rescued a captive Derelict 5370 | -5/Extension | Rescued a captive Derelict 5372 | -5/Extension | Rescued a captive Derelict 5375 | -5/Extension | Rescued a captive Derelict 5383 | -5/Extension | Rescued a captive Derelict 5383 | -5/Extension | Rescued a captive Derelict 5386 | -5/Extension | Rescued a captive Derelict 5412 | -5/Extension | Rescued A7 5421 | -5/Extension | Lost 4 parts (3n1u) 5424 | -5/Extension | Lost 5 allies 5633 | -5/Extension | Spotted B-75 Beast 5639 | -5/Extension | Attached CPS modules to A7. 5641 | -5/Extension | Spotted B-75 Beast 5676 | -5/Extension | Allies destroyed B-75 Beast 5697 | -5/Extension | Lost 3 allies 5706 | -5/Extension | Build established: Scavenger-Mutant 5714 | -5/Extension | Loaded intel: 1 recycling unit location 5872 | -5/Extension | Core integrity fell below 50% 5981 | -5/Extension | Learned location of 1 exit from Proximity Caves 5993 | -5/Extension | Discovered new exit (range 13) 6001 | -5/Extension | Discovered exit to Factory (range 13) 6035 | -5/Extension | Learned location of Proximity Caves (-3) 6045 | -5/Extension | Disrupted transfer network 6047 | -5/Extension | Learned 12 Research zone layouts 6048 | -5/Extension | Learned Factory trap positions 6049 | -5/Extension | Learned Factory repair station intel 6051 | -5/Extension | Learned 4 Factory zone layouts 6064 | -5/Extension | Learned location of 2 exits from Factory 6073 | -5/Extension | Extracted ID and sensor layout for unrecognized location from A7's data core 6075 | -5/Extension | Identified exit to Cetus 6080 | -5/Extension | Found Prototype Protection 6080 | -5/Extension | Identified Med. Regenerative Plating 6117 | -5/Extension | Lost 6 allies 6151 | -5/Extension | Build established: Commander-Mutant 6199 | -5/Extension | Entered Cetus 6199 | -5/Cetus | Accompanied by 6 allies 6221 | -5/Cetus | Spotted Cetus Guard 6222 | -5/Cetus | Spotted Cetus Guard 6222 | -5/Cetus | Spotted Cetus Guard 6224 | -5/Cetus | Spotted Cetus Guard 6224 | -5/Cetus | Allies destroyed Cetus Guard 6237 | -5/Cetus | Allies destroyed Cetus Guard 6240 | -5/Cetus | Allies destroyed Cetus Guard 6240 | -5/Cetus | Allies destroyed Cetus Guard 6271 | -5/Cetus | Lost 3 allies 6296 | -5/Cetus | Discovered new exit (range 15) 6321 | -5/Cetus | Spotted Cetus Guard 6321 | -5/Cetus | Spotted Cetus Guard 6378 | -5/Cetus | Spotted Cetus Guard 6403 | -5/Cetus | Destroyed Cetus Guard 6414 | -5/Cetus | Discovered exit to Factory (range 16) 6426 | -5/Cetus | Rewired Cetus Guard 6441 | -5/Cetus | Met Revision 17 6462 | -5/Cetus | Identified exit to Archives 6463 | -5/Cetus | Entered Archives 6533 | -5/Archives | Build established: Scavenger-Mutant 6746 | -5/Archives | Discovered new exit (range 15) 6842 | -5/Archives | Discovered exit to Factory (range 13) 6866 | -5/Archives | Discovered new exit (range 16) 7233 | -5/Archives | Identified exit to Hub_04(d) 7235 | -5/Archives | Entered Hub_04(d) 7236 | -5/Hub_04(d) | Loaded intel: 77 machine locations 7343 | -5/Hub_04(d) | Forged Quantum Companion 7365 | -5/Hub_04(d) | Core integrity fell below 20% 7433 | -5/Hub_04(d) | Destroyed 9 combat bots 7439 | -5/Hub_04(d) | Network Hub disabled 7451 | -5/Hub_04(d) | Network Hub disabled 7457 | -5/Hub_04(d) | Spotted Lightning 7458 | -5/Hub_04(d) | Entered Factory 7458 | -4/Factory | Evolved 2 slots: Power x1, Propulsion x1 7459 | -4/Factory | Identified exit to Armory 7460 | -4/Factory | Identified exit to Upper Caves 7460 | -4/Factory | Identified exit to Research 7462 | -4/Factory | Loaded intel: 113 trap records 7463 | -4/Factory | Loaded intel: 6 repair station locations 7523 | -4/Factory | Repaired Com. Particle Reactor 7553 | -4/Factory | Unchained authorized (QV-33N) 7622 | -4/Factory | Lost 3 parts (2n1u) 7747 | -4/Factory | Loaded intel: 8 recycling unit locations 7919 | -4/Factory | Entered Armory 7942 | -4/Armory | Lost 11 parts (1p7n3u) 7994 | -4/Armory | Assisted by bots powering up and referring to "LRC-V3" 8224 | -4/Armory | Core integrity fell below 50% 8253 | -4/Armory | Lost 10 allies 8287 | -4/Armory | Destroyed 7 combat bots 8371 | -4/Armory | Fabricated Field Propulsion Array? 8387 | -4/Armory | Core integrity fell below 20% 8407 | -4/Armory | Destroyed 7 combat bots 8424 | -4/Armory | Lost 8 parts (4n4u) 8453 | -4/Armory | Destroyed by S-27 Virus with Autogun Last Messages --------------- 08390_ Acquired Nanoactuators. 08393_ Nanoactuators destroyed. 08397_ Acquired 15 matter. 08402_ Reinforced Shell breached. 08404_ System corrupted: Energy discharge (-33). 08408_ Acquired Adv. System Shield. 08415_ Reinforced Shell breached. 08430_ Acquired Lyr. Light Armor Plating. The surroundings shift and blur. 08442_ Acquired Adv. Medium Treads. 08444_ Deflected attack with Quantum Companion. Quantum Companion releases a shadow of itself that zips off towards S-27 Virus. 08445_ S-27 Virus destroyed. Quantum Companion releases a shadow of itself that zips off towards S-27 Virus. 08445_ S-27 Virus destroyed. 08450_ System corrupted: Matter fused (-10). 08451_ Critical hit (Destroy). 08453_ Deflected attack with Quantum Companion. Map ----- +----------------------------------------------------+ | ?????????????????????????????????????????????????? | | ?????????????????????????????????????????????????? | | ?????????????????????????????????????????????????? | | ?????????????????????????????????????????????????? | | ?????????????????????????????????????????????????? | | ?????????????????????????????????????????????????? | | ?????????????????????????????????????????????????? | | ?????????????????????????????????????????????????? | | ?????????????????????????????????????????????????? | | ?????????????????????????????????????????????????? | | ?????????????????????????????????????????????????? | | ?????????????????????????????????????????????????? | | ?????????????????????????????????????????????????? | | ?????????????????????????????????????????????????? | | ???????????????????????#######???????????????????? | | ???????????????????????# #???????????????????? | | ???????????????????????# """ #???????????????????? | | ???????????????????????# """ #???????????????????? | | ???????????????????????# """ #???????????????????? | | ???????????????????????# """ #???????????????????? | | ???????????????????????# """ #???????????????????? | | ???????????????????????# #???????????????????? | | ???????????????????????# === #???????????????????? | | ???????????????????????# == #???????????????????? | | ???????????????????????# s= #???????????????????? | | ???????????????????????# @[ #???????????????????? | | ???????????????????????# s%* #???????????????????? | | ???????? ################/#########+############# | | ?????? s^ | | ?????? | | ?????? | | ?????? | | ???????########################/################## | | ????????????????????????# ! #?# # | | ????????????????????????# +?# + | | ????????????????????????# #?# """"" # | | ????????????????????????# """ """ """ #?# "!!!" # | | ????????????????????????# """ """ """ #?# "!"" # | | ????????????????????????# """ """ """ #?# "!" " # | | ????????????????????????# ### "!!!" # | | ????????????????????????# !!! """ / + """" # | | ????????????????????????# !!! """ ### # | | ????????????????????????# ! ! """ #?########## | | ????????????????????????# #??????????? | | ????????????????????????###############??????????? | | ?????????????????????????????????????????????????? | | ?????????????????????????????????????????????????? | | ?????????????????????????????????????????????????? | | ?????????????????????????????????????????????????? | | ?????????????????????????????????????????????????? | +----------------------------------------------------+ Best States ------------- Heat Dissipation 43 Energy Generation 23 Energy Capacity 635 Matter Stores 300 Matter Capacity 300 Sight Range 22 Robot Scan Range 20 Terrain Scan Density 10 Additional Mass Support 16 Corruption Block 6 Armor Coverage 675 Resistance: TH 15 Propulsion Shielding 66 Utility Shielding 33 Weapon Shielding 33 Melee Speed Boost 50 Evasion (%) 73 Melee Accuracy 16 Recoil Reduction 2 Offensive Hacking 38 Defensive Hacking 14 Authchip Count 4 Item Schematics ----------------- Cesium-ion Thruster | -8/Storage | Hacked Lgt. Deuterium Engine | -8/Storage | Hacked Surge Thruster | -8/Storage | Hacked Hacking Suite | -8/Storage | Hacked ECM Suite | -8/Recycling | Hacked Sml. Storage Unit | -8/Recycling | Hacked Exp. Sensor Array | -6/Factory | Scanalyzed Graphene Brace | -6/Factory | Hacked Field Propulsion Array | -6/Factory | Hacked CPS Tube | -6/Factory | Scanalyzed Nanoactuators | -6/Factory | Scanalyzed Stasis Canceller | -6/Factory | Scanalyzed Riot Gun | -6/Zion | Free Battle Cannon | -6/Zion | Free Beamcaster | -6/Zion | Free Hvy. Riot Gun | -6/Zion | Free Slug Cannon | -6/Zion | Free Enh. Flamer | -6/Zion | Free Ripper | -6/Zion | Free Cld. VTOL Module | -5/Factory | Hacked Field Propulsion Drive | -5/Factory | Scanalyzed Adv. Powered Armor | -5/Factory | Hacked Robot Schematics ------------------ None Fabricated ------------ Surge Thruster | x2 | -5/Factory | Authchip Nanoactuators | x2 | -5/Factory | Authchip Field Propulsion Array | x1 | -4/Armory | Authchip Repaired ---------- Flight Unit | 20% | -10/Materials Flight Unit | 60% | -10/Materials Imp. Propulsion Shielding | 56% | -6/Factory Com. Particle Reactor | 17% | -4/Factory Studied --------- Flight Unit | -9/Materials | Hacked Grenade Launcher | -9/Materials | Hacked Mace | -9/Materials | Hacked Lgt. Nuclear Core | -6/Factory | Hacked VTOL Module | -6/Factory | Hacked Mni. Grenade Launcher | -6/Factory | Hacked Nuclear Pulse Array | -5/Factory | Hacked Mic. Fission Core | -5/Factory | Hacked Alien Tech Used ----------------- None Achievements -------------- Drive-By Friends Forever Melee Specialist Challenges ------------ None Game ------ Seed BoreKineticShovel Manual? 0 Play Time 03:01:43 Cumulative 618.2 hours Start 2025.11.07 @ 16:46:48 End 2025.11.07 @ 19:59:36 Sessions 1 Manual Loads 0 Difficulty Rogue Special Mode None Game No. 257 Rogue 257 Adventurer 0 Explorer 0 Win Type - Total 46 Types 20/4/7/2/6/1/0/3/0/3 Lore% 96 Gallery% 88 Achievement% 75 Wizard Run 0 Options --------- Layout 1 ASCII 0 Keyboard 0 Movement Numpad Keybinds 0 Fullscreen 1 Font 24/Smallcaps Map View 50x35 Zoom Use 0% Tactical HUD 1 Map Filters NONE Filters NONE Steam 1 RUN: 8ea769b1-e6be-4dbf-bf94-564b869ac10c